 Dungeon Crawl Stone Soup version 0.28-a0-1447-ga5a8893891 (webtiles) character file.

Game seed: 5960285703659652558

210 parzival7114810 the Chopper (level 5, -12/46 HPs)
             Began as a Hill Orc Fighter on Jan 11, 2022.
             Was an Initiate of Beogh.
             Mangled by an ogre (15 damage)
             ... on level 5 of the Dungeon.
             The game lasted 00:05:20 (2677 turns).

parzival7114810 the Chopper (Hill Orc Fighter)      Turns: 2677, Time: 00:05:21

Health: -12/46     AC:  8    Str: 21    XL:     5   Next: 87%
Magic:  5/5        EV:  9    Int:  8    God:    Beogh [......]
Gold:   61         SH:  4    Dex: 10    Spells: 4/4 levels left

rFire   . . .      SeeInvis .   a - +0 war axe
rCold   . . .      Faith    .   c - +0 buckler
rNeg    . . .      Spirit   .   b - +0 scale mail
rPois   .          Reflect  .   (no helmet)
rElec   .          Harm     .   (no cloak)
rCorr   .          Rampage  .   g - +0 pair of gloves
Will    .....                   (no boots)
Stlth   ..........              (no amulet)
HPRegen 0.15/turn               (no ring)
MPRegen 0.09/turn               (no ring)

@: no status effects
A: no striking features
a: Renounce Religion


You were on level 5 of the Dungeon.
You worshipped Beogh.
Beogh was noncommittal.
You visited 1 branch of the dungeon, and saw 4 of its levels.

You collected 61 gold pieces.

Inventory:

Hand Weapons
 a - a +0 war axe (weapon)
Armour
 b - a +0 scale mail (worn)
 c - a +0 buckler (worn)
 g - a +0 pair of gloves (worn)
Scrolls
 i - a scroll of magic mapping
 j - a scroll of teleportation {unknown}
Potions
 d - a potion of might
 e - a potion of mutation {unknown}
 f - a potion of magic {unknown}
 h - a potion of berserk rage {unknown}


   Skills:
 + Level 4.2 Fighting
 + Level 5.7 Axes
 + Level 4.4 Armour
 + Level 0.5 Dodging
 + Level 0.2 Stealth
 + Level 3.8 Shields


You had 4 spell levels left.
You didn't know any spells.
Your spell library contained the following spells:

 Spells                   Type           Power      Damage    Failure   Level
 Slow                     Hex            0%         N/A       83%         1
 Corpse Rot               Necr/Air       0%         N/A       92%         2
 Confusing Touch          Hex            0%         N/A       99%         3
 Vampiric Draining        Necr           0%         2d6       99%         3
 Airstrike                Air            0%         N/A       100%        4
 Dispel Undead            Necr           0%         3d6       100%        4
 Summon Lightning Spire   Summ/Air       0%         N/A       100%        4
 Lightning Bolt           Conj/Air       0%         1d11      100%        5
 Death Channel            Necr           0%         N/A       100%        6


Dungeon Overview and Level Annotations

Branches:
Dungeon (3/15)

Altars:


Message History

You start waiting.
Done waiting.
Number of times to repeat, then command key: You must enter the number of times for the command to repeat.
Number of times to repeat, then command key: 0
Okay, then.
Unknown command.
Unknown command.
Things that are here:
a +0 flail; a +0 dagger; a +0 robe A jelly comes into view.
The jelly quivers.
An ogre comes into view. It is wielding a +0 giant club.
Found a book of Vapours.
You slash the jelly!
Your hands burn!
The jelly is almost dead.
The jelly barely misses you.
You slash the jelly!
You kill the jelly!
Beogh accepts your kill.
You barely miss the ogre. The ogre barely misses you.
You hit the ogre.
The ogre is lightly wounded.
The ogre hits you with a +0 giant club!!
Ouch! That really hurt!
You closely miss the ogre.
The ogre is lightly wounded.
The ogre closely misses you.
You closely miss the ogre.
The ogre is lightly wounded.
The ogre hits you with a +0 giant club!
* * * LOW HITPOINT WARNING * * *
You hit the ogre.
The ogre is moderately wounded.
The ogre hits you with a +0 giant club.
* * * LOW HITPOINT WARNING * * *
You barely miss the ogre.
The ogre is moderately wounded.
The ogre hits you with a +0 giant club!
You die...

# #...# #.# #... +. #
##### #.# #### +. # #.#
### ## # #.# #.# #. # #.#
#.# #. # # #.# #.###. ...
##.# #.....
.:...#####..########.....
.......O@................
......####....######.....
..... #....# #..... ....
#....# #..... ... #.####
#..... ## #.# ###### #.#
#.#


You could see an ogre.

Vanquished Creatures
  A scorpion (D:5)
  A bullfrog skeleton (D:5)
  2 jellies (D:5)
  An iguana (D:5)
  Natasha (D:3)
  An adder (D:2)
  A worm (D:2)
  A dart slug (D:5)
  An orc (D:5)
  2 endoplasms (D:2)
  3 goblins (D:2)
  A hobgoblin (D:2)
  A kobold (D:1)
  2 ball pythons (D:2)
  2 bats (D:2)
  A frilled lizard (D:2)
  3 rats (D:2)
25 creatures vanquished.

Vanquished Creatures (others)
  An orc priest (D:5)
  An orc wizard (D:5)
  2 orcs (D:5)
  3 plants (D:5)
7 creatures vanquished.

Grand Total: 32 creatures vanquished

Notes
Turn   | Place    | Note
-------+----------+-------------------------------------------
     0 | D:1      | parzival7114810 the Hill Orc Fighter began the quest for
                  | the Orb.
     0 | D:1      | Reached XP level 1. HP: 19/19 MP: 1/1
   121 | D:2      | Found a faded altar of an unknown god.
   171 | D:2      | Reached skill level 3 in Axes
   171 | D:2      | Reached XP level 2. HP: 26/27 MP: 2/2
   322 | D:2      | Reached XP level 3. HP: 16/33 MP: 3/3
  1222 | D:3      | Noticed Natasha
  1229 | D:3      | Killed Natasha
  1230 | D:3      | Reached skill level 4 in Axes
  1485 | D:3      | You fall into a shaft and drop 2 floors!
  1485 | D:5      | Entered Level 5 of the Dungeon
  1542 | D:5      | Became a worshipper of Beogh the Brigand
  1560 | D:5      | Reached XP level 4. HP: 32/40 MP: 4/4
  2088 | D:5      | Reached skill level 5 in Axes
  2088 | D:5      | Reached XP level 5. HP: 42/46 MP: 5/5
  2667 | D:5      | Noticed an ogre
  2677 | D:5      | Mangled by an ogre

Illustrated notes

Levels and vault maps discovered:
D:1:      matt_arrival_diagonals, layout_loops_corners
D:2:      layout_basic, hellmonk_ecumenical_altar_zigzags
D:3:      layout_loops_ring, serial_glass, glass_columns_a, glass_columns_c,
          uniq_natasha, uniq_sigmund
D:5:      layout_basic, mainiacjoe_overflow_big_doors

Skill      XL: |  1  2  3  4 |
---------------+-------------+-----
Axes           | 3 4 5 |  5.7
Fighting       | 4 |  4.2
Armour         | 4 |  4.4
Dodging        | |  0.5
Stealth        | |  0.2
Shields        | |  3.8

Action                   |  1- 3 |  4- 6 || total
-------------------------+-------+-------++-------
Melee: War axe           |    51 |    20 ||    71
Invok: Convert to Beogh  |     1 |       ||     1
  Use: Scroll            |     1 |       ||     1
Armor: Scale mail        |    19 |     5 ||    24
Dodge: Dodged            |    22 |     9 ||    31
Block: Buckler           |    14 |     4 ||    18

Table legend: (Time is in decaauts)
 A = Elapsed time spent in this place.
 B = Non-inter-level travel time spent in this place.
 C = Inter-level travel time spent in this place.
 D = Time resting spent in this place.
 E = Time spent auto-exploring this place.
 F = Levels seen in this place.
 G = Mean time per level.
                   A        B        C        D        E       F      G
               +--------+--------+--------+--------+--------+-----+--------+
         Total |   2699 |   2684 |     15 |   1975 |     89 |   4 |  674.8 |
       Dungeon |   2699 |   2684 |     15 |   1975 |     89 |   4 |  674.8 |
               +--------+--------+--------+--------+--------+-----+--------+

Top non-repeatable levels by time:
     D:5: 1199 daAuts
     D:2: 1084 daAuts
     D:3: 294 daAuts
     D:1: 121 daAuts
